 Dungeon Crawl Stone Soup version 0.25-a0-785-gb22c70e859 (webtiles) character file.

Game seed: 7994007740923365275, levelgen mode: deterministic

2412 DildoBatman the Firebug (level 9, -2/57 HPs)
             Began as a Formicid Wizard on Apr 17, 2020.
             Was a Follower of Kikubaaqudgha.
             Engulfed by a cloud of flame (29 damage)
             ... on level 7 of the Dungeon.
             The game lasted 00:28:40 (7472 turns).

DildoBatman the Firebug (Formicid Wizard)           Turns: 7472, Time: 00:28:40

Health: -2/57      AC:  3    Str: 11    XL:     9   Next: 76%
Magic:  1/13       EV: 12    Int: 22    God:    Kikubaaqudgha [*.....]
Gold:   387        SH:  0    Dex:  9    Spells: 4/14 levels left

rFire    . . .     SeeInvis +   b - +4 club
rCold    . . .     Gourm    .   (no shield)
rNeg     . . .     Faith    +   t - +0 robe {MR+}
rPois    .         Spirit   .   (helmet unavailable)
rElec    .         Reflect  .   d - +0 cloak
rCorr    .         Harm     .   (no gloves)
MR       +....                  (no boots)
Stlth    ++........             F - amulet of faith
HPRegen  0.19/turn              u - ring of flight
MPRegen  0.13/turn              (no ring)

@: no status effects
A: permanent stasis, dig shafts and tunnels, four strong arms, antennae 3
a: Dig, Shaft Self, Receive Corpses, Renounce Religion, Evoke Flight


You were on level 7 of the Dungeon.
You worshipped Kikubaaqudgha.
Kikubaaqudgha was aware of your devotion.
You were not hungry.

You visited 2 branches of the dungeon, and saw 9 of its levels.

You collected 387 gold pieces.

Inventory:

Hand Weapons
 a - a +0 shortbow
 b - a +4 club (weapon)
 e - the +0 trident of Bodily Harmony {vorpal, rF+ rC+}
   (You found it on level 5 of the Dungeon)

   It inflicts extra damage upon your enemies.
   It protects you from fire.
   It protects you from cold.
 o - a +2 antimagic spear
 y - a +2 dagger of flaming
 E - a cursed -2 long sword
Missiles
 c - 33 poisoned darts (quivered)
 f - 80 sling bullets
 i - 171 stones
 r - 107 arrows
Armour
 d - a +0 cloak (worn)
 t - a +0 robe of magic resistance (worn)
Jewellery
 u - a ring of flight (left hand)
 B - a +3 amulet of reflection
 F - an amulet of faith (around neck)
Wands
 l - a wand of digging (4)
 A - a wand of iceblast (11)
 D - a wand of disintegration (10)
Scrolls
 h - a scroll of magic mapping {unknown}
 j - a scroll of fear {unknown}
 n - 2 scrolls of immolation
 q - a scroll of amnesia {unknown}
 w - 2 scrolls of enchant armour {unknown}
 x - 3 scrolls of remove curse
 z - 2 scrolls of identify
 C - a scroll of noise {unknown}
 H - a scroll of enchant weapon {unknown}
 I - a scroll of torment {unknown}
Potions
 g - a potion of ambrosia
 k - 4 potions of curing
 m - 2 potions of degeneration {unknown}
 p - a potion of might
 s - a potion of heal wounds {unknown}
 G - a potion of magic {unknown}
Comestibles
 v - 12 rations
 J - a chunk of flesh


   Skills:
 - Level 1.7 Dodging
 - Level 2.4 Stealth
 - Level 3.2 Spellcasting
 - Level 6.3 Conjurations
   Level 1.0 Summonings
 * Level 4.2 Necromancy
   Level 0.8 Translocations
 - Level 6.4 Fire Magic
 - Level 5.3 Air Magic


You had 4 spell levels left.
You knew the following spells:

 Your Spells              Type           Power        Failure   Level  Hunger
a - Conjure Flame         Conj/Fire      ####....     2%          3    ###....
b - Vampiric Draining     Necr           ###.......   6%          3    ###....
c - Magic Dart            Conj           ####         1%          1    None
e - Mephitic Cloud        Conj/Pois/Air  ###.....     8%          3    ###....

Your spell library contained the following spells:

 Spells                   Type           Power        Failure   Level  Hunger
 Animate Skeleton         Necr           N/A          2%          1    None
 Pain                     Necr           ###.         2%          1    None
 Sublimation of Blood     Necr           ###.......   3%          2    ##.....
 Dazzling Flash           Conj/Hex       ###...       10%         3    ###....
 Corona                   Hex            #......      12%         1    None
 Call Imp                 Summ           #.......     12%         2    ##.....
 Ensorcelled Hibernation  Hex/Ice        #.....       19%         2    ##.....
 Slow                     Hex            #.......     19%         2    ##.....
 Confusing Touch          Hex            #.......     36%         3    ###....
 Tukima's Dance           Hex            #.......     36%         3    ###....
 Blink                    Tloc           Unusable     N/A         2    N/A

Dungeon Overview and Level Annotations

Branches:
Dungeon (8/15)             Temple (1/1) D:6
   Lair: D:8-11

Altars:
Ashenzari
Cheibriados
Dithmenos
Elyvilon
Gozag
Hepliaklqana
Kikubaaqudgha
Makhleb
Nemelex Xobeh
Okawaru
Ru
Sif Muna
Trog
Vehumet
Wu Jian
Xom
Yredelemnul
Zin
The Shining One


Innate Abilities, Weirdness & Mutations

You cannot be hasted, slowed, berserked, paralysed or teleported.
You can dig through walls and to a lower floor.
Your four strong arms can wield two-handed weapons with a shield.
You have a pair of large antennae on your head. (SInv)


Message History

The kobold hits you with a +0 short sword.
You climb upwards.
There is a stone staircase leading down here.
The kobold misses you. The quasit barely misses you.
The quasit claws you but does no damage.
The quasit closely misses you.
You see here a flail.
Casting: Conjure Flame (safe; 2% risk of failure)
Confirm with . or Enter, or press ? or * to list all spells.
The fire begins to smolder!
The quasit barely misses you. x2
The quasit misses you.
Casting: Conjure Flame (safe; 2% risk of failure)
Confirm with . or Enter, or press ? or * to list all spells.
The fire ignites!
You are engulfed in blazing flames.
Ouch! That really hurt!
You die...
Kikubaaqudgha rasps: "You have failed me!
Welcome... death!"

#.####...#.....................##
#.......##...#####.##.##.##.##..#
..#....###...#####.##.##.##.###.#
....##..........##......^........
..######...#..#..#..#....#...#.##
####......##.......#.....#####.##
.........................# #...
.....###.###.............# ####
########.# #...[@##......# # #..#
#...K#5>.###### # #.## #......###
# #.####..##### #......## ##
#######......# #. ..........####
##############.
..........#########..........##..
....................##########.8.


You could see a quasit and a kobold.

Vanquished Creatures
  A two-headed ogre (D:6)
  Grinder (D:4)
  A spriggan (D:7)
  2 ice beasts
  An ogre (D:6)
  A phantom (D:6)
  An eye of draining (D:7)
  2 centaurs (D:6)
  2 scorpions (D:5)
  2 crimson imps (D:6)
  A centaur zombie (D:5)
  A jelly (D:7)
  A hound (D:5)
  An orc priest (D:4)
  Crazy Yiuf (D:2)
  A centaur skeleton (D:6)
  Ijyb (D:3)
  Jessica (D:3)
  2 orc wizards (D:5)
  Natasha (thrice) (D:1)
  5 worker ants
  A hound zombie (D:8)
  7 adders
  2 gnolls
  A shadow imp (D:7)
  An ooze (D:1)
  2 worms
  A dart slug (D:2)
  3 leopard geckos
  7 orcs
  9 bats
  2 giant cockroaches
  5 goblins
  2 hobgoblins (D:1)
  11 jackals
  7 kobolds
  A quokka (D:7)
  6 frilled lizards
  A leopard gecko skeleton (D:4)
  8 rats
109 creatures vanquished.

Notes
Turn   | Place    | Note
-------+----------+-------------------------------------------
     0 | D:1      | DildoBatman the Formicid Wizard began the quest for the
                  | Orb.
     0 | D:1      | Reached XP level 1. HP: 13/13 MP: 4/4
    22 | D:1      | Reached skill level 1 in Conjurations
   198 | D:1      | Reached XP level 2. HP: 16/19 MP: 0/6
   665 | D:2      | Noticed Natasha
   689 | D:2      | Reached XP level 3. HP: 23/24 MP: 0/7
   694 | D:2      | Learned a level 3 spell: Conjure Flame
   698 | D:2      | Learned a level 3 spell: Mephitic Cloud
  1650 | D:2      | Found a hazy altar of Hepliaklqana.
  1808 | D:2      | Found a shimmering altar of Xom.
  1856 | D:2      | Reached XP level 4. HP: 29/30 MP: 2/8
  1963 | D:2      | Found a runed translucent door.
  1964 | D:2      | Noticed Crazy Yiuf
  2277 | D:3      | Found an ancient bone altar of Kikubaaqudgha.
  2282 | D:3      | Became a worshipper of Kikubaaqudgha
  2459 | D:3      | Found a basalt altar of Yredelemnul.
  2475 | D:3      | Noticed Ijyb
  2499 | D:3      | Noticed Jessica
  2508 | D:3      | Killed Jessica
  2586 | D:3      | Reached XP level 5. HP: 35/35 MP: 3/9
  3360 | D:4      | Noticed Grinder
  3697 | D:4      | Reached XP level 6. HP: 41/41 MP: 4/10
  3759 | D:4      | Reached skill level 5 in Conjurations
  3945 | D:4      | Killed Grinder
  3945 | D:4      | Reached XP level 7. HP: 46/46 MP: 6/11
  4031 | D:3      | Killed Ijyb
  4122 | D:1      | Killed Natasha
  4122 | D:1      | Reached skill level 1 in Fire Magic
  4175 | D:1      | Noticed Natasha
  4189 | D:1      | Killed Natasha
  4189 | D:1      | Reached skill level 1 in Air Magic
  4326 | D:1      | Noticed Natasha
  4335 | D:1      | Killed Natasha
  4393 | D:2      | Killed Crazy Yiuf
  4447 | D:5      | Entered Level 5 of the Dungeon
  4534 | D:5      | Reached * piety under Kikubaaqudgha
  4534 | D:5      | Identified Kikubaaqudgha's Tome of Black Secrets
                  | (Kikubaaqudgha gifted it to you on level 5 of the Dungeon)
  4534 | D:5      | Received a gift from Kikubaaqudgha
  4540 | D:5      | Learned a level 3 spell: Vampiric Draining
  4789 | D:5      | Got a shimmering trident
  4790 | D:5      | Identified the cursed +0 trident of Bodily Harmony {vorpal,
                  | rF+ rC+} (You found it on level 5 of the Dungeon)
  4835 | D:5      | Found a burning altar of Makhleb.
  4879 | D:5      | Reached XP level 8. HP: 45/52 MP: 5/12
  5263 | D:6      | Found a staircase to the Ecumenical Temple.
  5272 | Temple   | Entered the Ecumenical Temple
  5604 | D:6      | Found a shattered altar of Ashenzari.
  5751 | D:6      | Noticed a two-headed ogre
  6366 | D:6      | Killed a two-headed ogre
  6366 | D:6      | Reached skill level 5 in Air Magic
  6366 | D:6      | Reached XP level 9. HP: 57/57 MP: 8/13
  6469 | D:6      | Found an opulent altar of Gozag.
  6562 | D:6      | Reached skill level 1 in Necromancy
  6738 | D:7      | Found a white marble altar of Elyvilon.
  7140 | D:7      | Found a bloodstained altar of Trog.
  7383 | D:7      | Found an ornate altar of the Wu Jian Council.
  7432 | D:8      | Noticed a hippogriff
  7472 | D:7      | Engulfed by a cloud of flame

Levels and vault maps discovered:
D:1:      dpeg_arrival_renting, layout_basic
D:2:      layout_rooms, old_standard_altar, overflow_temple_1_default,
          uniq_natasha, uniq_crazy_yiuf_cottage
D:3:      layout_loops_cross, lemuel_doored_altar, marbit_many_paths,
          uniq_jessica, uniq_ijyb
D:4:      layout_rooms, first_ration, uniq_grinder
D:5:      layout_cave_pools, lemuel_tele_altar
D:6:      layout_basic, kennysheep_mini_moat, ashenzari_conservatory_becter,
          minmay_temple_entry_statues_fountains
D:7:      layout_rooms, trog_eyes_of_draining, lemuel_round_altar,
          elyvilon_altar_1, the_bakery, hangedman_decor_lopped,
          grunt_ministairs_10, hangedman_abyss_or_decor_lesser_grid
D:8:      layout_layer_cave, serial_glass, glass_columns_a, glass_columns_c,
          glass_columns_b, glass_columns_b, feat_on_display, item_on_display_a,
          item_on_display_a, due_unseen_surprise, okawaru_altar_gauntlet_db
Temple:   eino_temple_lava

Skill      XL: |  1  2  3  4  5  6  7  8  9 |
---------------+----------------------------+-----
Conjurations   | 1 2 3 4 6 |  6.3
Fire Magic     | 2 6 |  6.4
Air Magic      | 2 5 |  5.3
Necromancy     | 4 |  4.2
Dodging        | |  1.7
Stealth        | |  2.4
Spellcasting   | |  3.2
Summonings     | |  1.0
Translocations | |  0.8

Action                   |  1- 3 |  4- 6 |  7- 9 || total
-------------------------+-------+-------+-------++-------
Melee: Unarmed           |     3 |       |       ||     3
       Halberd           |     3 |    47 |     1 ||    51
       Club              |       |       |    49 ||    49
       Trident           |       |       |    45 ||    45
 Fire: Shortbow          |       |       |    11 ||    11
Throw: Dart              |    10 |       |    21 ||    31
 Cast: Magic Dart        |    80 |    79 |    83 ||   242
       Mephitic Cloud    |     2 |     7 |    23 ||    32
       Conjure Flame     |       |     3 |    27 ||    30
 Abil: Dig               |     4 |     3 |     5 ||    12
Evoke: Wand              |       |     4 |     1 ||     5
  Use: Scroll            |       |     6 |     4 ||    10
 Stab: Confused          |       |     2 |     1 ||     3
  Eat: Chunk             |     1 |     7 |     9 ||    17
       Ration            |     1 |       |     2 ||     3
Armor: Robe              |    11 |     4 |    13 ||    28
Dodge: Dodged            |    37 |    21 |    46 ||   104
Block: Other             |       |       |     2 ||     2

Table legend:
 A = Non-vault XP
 B = Vault XP
 C = Vault XP percentage of total XP
 D = Non-vault monster count
 E = Vault monster count
 F = Vault count percentage of total count
                 A         B        C        D         E       F
            +---------+---------+-------+---------+---------+-------
      Total |    2617 |     829 |  24.1 |      98 |      11 |  10.1
            +---------+---------+-------+---------+---------+-------
        D:1 |     110 |      35 |  24.1 |      16 |       1 |   5.9
        D:2 |      42 |      40 |  48.8 |      23 |       1 |   4.2
        D:3 |      47 |      78 |  62.4 |      14 |       3 |  17.6
        D:4 |     153 |     281 |  64.7 |      12 |       1 |   7.7
        D:5 |     344 |       0 |   0.0 |      14 |       0 |   0.0
        D:6 |    1706 |       0 |   0.0 |      13 |       0 |   0.0
        D:7 |     193 |     395 |  67.2 |       5 |       5 |  50.0
        D:8 |      22 |       0 |   0.0 |       1 |       0 |   0.0
            +---------+---------+-------+---------+---------+-------
